 Dungeon Crawl Stone Soup version 0.22-a0-42-g002c468 (webtiles) character file.

14910 Gorice the Carver (level 12, -3/100 HPs)
             Began as a Hill Orc Gladiator on Jan 5, 2018.
             Slain by a manticore (8 damage)
             ... on level 13 of the Dungeon.
             The game lasted 01:01:15 (15276 turns).

Gorice the Carver (Hill Orc Gladiator)             Turns: 15276, Time: 01:01:16

Health: -3/100     AC: 23    Str: 20    XL:     12   Next: 21%
Magic:  12/12      EV:  8    Int:  8    God:
Gold:   561        SH:  0    Dex: 14    Spells: 9/11 levels left

rFire    . . .     SeeInvis .   a - +2 long sword (slice)
rCold    + . .     Gourm    .   (no shield)
rNeg     . . .     Faith    .   G - +0 plate armour
rPois    .         Spirit   .   v - +2 helmet
rElec    .         Reflect  .   (no cloak)
rCorr    .         Harm     .   B - +0 pair of gloves
MR       .....                  K - +2 pair of boots {run}
Stlth    ..........             M - amulet of rage
HPRegen  0.26/turn              F - ring of flight
MPRegen  0.13/turn              W - ring of protection from cold

@: quick
A: no striking features
a: Evoke Berserk Rage, Evoke Flight


You were on level 13 of the Dungeon.
You were not hungry.

You visited 1 branch of the dungeon, and saw 13 of its levels.
You also visited: Bailey.

You collected 595 gold pieces.
You spent 34 gold pieces at shops.

Inventory:

Hand Weapons
 a - a +2 long sword of slicing (weapon)
   (You found it on level 4 of the Dungeon)
 b - a +0 hunting sling
 y - a +1 long sword
Missiles
 i - 103 sling bullets
 j - 12 tomahawks (quivered)
 t - 5 curare-tipped needles
 L - 2 poisoned tomahawks
 Z - 14 throwing nets
Armour
 v - a +2 helmet (worn)
 B - a +0 pair of gloves (worn)
 G - a +0 plate armour (worn)
 K - a +2 pair of boots of running (worn)
   (You found it on level 7 of the Dungeon)
Magical Staves
 V - an uncursed staff of wizardry
Jewellery
 g - an uncursed ring of wizardry
 l - a +3 ring of dexterity
 r - an uncursed ring of stealth
 A - an uncursed ring of magical power
 F - a ring of flight (left hand)
 M - an amulet of rage (around neck)
 S - an uncursed ring of magical power
 W - a ring of protection from cold (right hand)
 Y - an uncursed ring of protection from cold
Wands
 c - a wand of iceblast (8)
 D - a wand of paralysis (2)
 H - a wand of disintegration (10)
 O - a wand of acid (9)
 P - a wand of flame (40)
 R - a wand of clouds (11)
Scrolls
 e - 11 scrolls of remove curse
 k - a scroll of fog
 n - 4 scrolls of teleportation {!r}
 q - 2 scrolls of enchant armour
 s - 6 scrolls of enchant weapon
 x - 2 scrolls of fear {!r}
 I - a scroll of identify
 Q - a scroll of vulnerability {unknown}
 T - a scroll of holy word {unknown}
 U - a scroll of brand weapon {unknown}
Potions
 d - 3 potions of brilliance {!q}
 h - 2 potions of heal wounds {!q}
 m - a potion of lignification {!q}
 o - a potion of flight
 p - 4 potions of curing
 w - 4 potions of agility {!q}
 z - a potion of might {!q}
 E - 2 potions of mutation {!q}
Books
 u - a book of Cantrips
 C - Magic for Novices
   (You found it on level 5 of the Dungeon)

   Spells                             Type                      Level
   a - Infusion                       Charms                       1
   b - Flame Tongue                   Conjuration/Fire             1
   c - Pain                           Necromancy                   1
   d - Summon Butterflies             Summoning                    1
   e - Beastly Appendage              Transmutation                1
 J - a book of Maledictions
 N - a book of Geomancy
 X - a book of Unlife
Comestibles
 f - 28 rations


   Skills:
 + Level 7.1 Fighting
 - Level 14.0 Long Blades
 + Level 7.7 Throwing
 + Level 11.6 Armour
 - Level 2.4 Dodging


You had 9 spell levels left.
You knew the following spells:

 Your Spells              Type           Power        Failure   Level  Hunger
A - Apportation           Tloc           #.....       100%        1    ##.....
B - Summon Butterflies    Summ           #.......     100%        1    ##.....


Dungeon Overview and Level Annotations

Branches:
Dungeon (14/15)            Temple (0/1) D:7            Lair (0/6) D:11
    Orc (0/2) D:11
 Vaults: D:13-14

Altars:
Dithmenos
Gozag
Kikubaaqudgha
Qazlal
Ru
Trog
Xom
Yredelemnul
Zin

Shops:
D:8 }   D:9 *

Annotations:
D:3 1 runed door
D:7 vpUX: ghost, Leszczynek's ghost, novice MiBe
D:9 galech's ghost, journeyman TrMo
D:14 pUX: shafted here


Message History

Unknown command.
Fire/throw which item? (* to show all) (? for menu, Esc to quit)
That's the wrong kind of item! (Use * to select it.) Fire/throw which item? (* to show all) (? for menu, Esc to quit)
Huh?
Fire/throw which item? (* to show all) (? for menu, Esc to quit)
Okay, then.
Unknown command.
Fire/throw which item? (* to show all) (? for menu, Esc to quit)
Press: ? - help, Shift-Dir - straight line, f - two-headed ogre
Aim: a two-headed ogre, wielding two giant spiked clubs (heavily wounded)
You throw a throwing net.
The throwing net hits the two-headed ogre.
The two-headed ogre is caught in the net!
The two-headed ogre is heavily wounded.
You strike the helpless two-headed ogre from behind!
You hit the two-headed ogre.
The two-headed ogre is severely wounded.
The two-headed ogre struggles against the net.
You completely miss the two-headed ogre.
The two-headed ogre is severely wounded.
The two-headed ogre struggles against the net.
You strike the helpless two-headed ogre from behind!
You hit the two-headed ogre but do no damage.
The two-headed ogre is severely wounded.
You strike the helpless two-headed ogre from behind!
You slash the two-headed ogre!
The two-headed ogre is almost dead.
The two-headed ogre struggles against the net.
You slash the two-headed ogre!
You kill the two-headed ogre!
Your Fighting skill increases to level 7!
You hit the manticore but do no damage.
The manticore bites you but does no damage.
The manticore claws you but does no damage. x2
You hit the manticore but do no damage. You slash the manticore!
The manticore is moderately wounded.
The manticore bites you!
* * * LOW HITPOINT WARNING * * *
The manticore misses you.
The manticore claws you but does no damage.
Damage: 14 (max 26)
You hit the manticore.
The manticore is heavily wounded.
The manticore bites you!
* * * LOW HITPOINT WARNING * * *
The manticore claws you but does no damage.
The manticore claws you!
You die...

#>..#####.......#
#.#.#.#
#...#...........#
#.....#
#.......#.......#
###.###
#..##.#.#.......# #.#
#.....#.....[#.## #.#
#.##..#..#.###.#######.#
#.##..#..#.##..........#
#............†.#########
....##.###.###.#@##
###.##........###H#
#.######.....#.## ...
#####..## #.# #..O# ...
#...# .. #..H# #...#
#...#


You could see a manticore.

Vanquished Creatures
  3 two-headed ogres
  2 unseen horrors
  A harpy (shapeshifter) (D:13)
  A cyclops (D:13)
  A manticore (D:11)
  A centaur zombie (D:10)
  A freezing wraith (D:10)
  5 trolls
  3 slime creatures (D:13)
  2 hippogriffs
  A wraith (D:10)
  2 wyverns (D:13)
  4 orc warriors
  A water elemental (D:14)
  A basilisk (D:13)
  Eustachio (D:6)
  2 hungry ghosts
  Menkaure (D:6)
  A water moccasin (D:7)
  6 ice beasts
  3 phantoms
  2 sky beasts
  6 ogres
  6 centaurs
  6 big kobolds (D:11)
  3 bullfrogs
  Blork the orc (D:6)
  12 gnoll sergeants
  2 scorpions
  10 killer bees
  3 wights (D:10)
  3 howler monkeys (D:6)
  4 crimson imps
  A quasit (D:9)
  A bullfrog zombie (D:7)
  6 gnoll shamans (Bailey)
  7 orc priests
  11 orc wizards
  A jelly (D:11)
  3 centaur skeletons
  4 hounds
  3 bullfrog skeletons
  Jessica (D:2)
  2 iguanas
  9 worker ants
  2 hound skeletons
  Robin (D:3)
  A worker ant zombie (D:9)
  24 gnolls
  A howler monkey skeleton (D:8)
  12 adders
  A shadow imp (D:6)
  2 oozes
  2 adder skeletons
  2 worms
  3 dart slugs
  3 leopard geckos
  28 orcs
  7 bats
  7 giant cockroaches
  20 goblins
  13 hobgoblins
  13 jackals
  6 quokkas
  A ball python zombie (D:5)
  6 frilled lizards
  A goblin zombie (D:3)
  3 kobolds
  A kobold zombie (D:3)
  A quokka skeleton (D:3)
  7 rats
318 creatures vanquished.

Vanquished Creatures (collateral kills)
  A hound zombie (D:6)
1 creature vanquished.

Vanquished Creatures (others)
  A centaur (D:6)
  An orc wizard (D:6)
  A worker ant (D:6)
  A plant (D:14)
4 creatures vanquished.

Grand Total: 323 creatures vanquished

Notes
Turn   | Place    | Note
-------+----------+-------------------------------------------
     0 | D:1      | Gorice the Hill Orc Gladiator began the quest for the Orb.
     0 | D:1      | Reached XP level 1. HP: 18/18 MP: 1/1
   187 | D:1      | Reached XP level 2. HP: 25/25 MP: 2/2
   217 | D:1      | Reached skill level 4 in Long Blades
   550 | D:2      | Noticed Jessica
   586 | D:1      | Reached XP level 3. HP: 23/30 MP: 3/3
   788 | D:2      | Killed Jessica
   788 | D:2      | Reached skill level 5 in Long Blades
   788 | D:2      | Reached XP level 4. HP: 37/37 MP: 4/4
   970 | D:2      | Found an ancient bone altar of Kikubaaqudgha.
   970 | D:2      | Found a faded altar of an unknown god.
  1003 | D:2      | Found a shimmering altar of Xom.
  1005 | D:2      | Found a faded altar of an unknown god.
  1006 | D:2      | Found a stormy altar of Qazlal.
  1170 | D:2      | Noticed a centaur
  1171 | D:2      | Found a glowing silver altar of Zin.
  1182 | D:2      | HP: 11/37 [kobold/club (2)]
  1185 | D:2      | Killed a centaur
  1185 | D:2      | Reached skill level 6 in Long Blades
  1185 | D:2      | Reached XP level 5. HP: 7/42 MP: 5/5
  1192 | D:2      | Found a bloodstained altar of Trog.
  1936 | D:3      | Found a runed door.
  1937 | D:3      | Noticed a human
  1942 | D:3      | Found a basalt altar of Yredelemnul.
  1960 | D:3      | Reached skill level 7 in Long Blades
  2122 | D:3      | Reached XP level 6. HP: 50/50 MP: 6/6
  2431 | D:3      | Noticed Robin
  2471 | D:3      | Killed Robin
  3167 | D:4      | Reached skill level 8 in Long Blades
  3198 | D:4      | Reached skill level 1 in Armour
  3490 | D:5      | Entered Level 5 of the Dungeon
  3497 | D:5      | Noticed a sky beast
  3507 | D:5      | Reached XP level 7. HP: 56/56 MP: 7/7
  3548 | D:4      | Reached skill level 2 in Armour
  3738 | D:5      | Reached skill level 9 in Long Blades
  3771 | D:5      | Found an opulent altar of Gozag.
  3842 | D:5      | Identified Magic for Novices
  3846 | D:5      | Learned a level 1 spell: Apportation
  3848 | D:5      | Learned a level 1 spell: Summon Butterflies
  4231 | D:6      | Reached skill level 3 in Armour
  4253 | D:6      | Noticed Blork the orc
  4262 | D:6      | Killed Blork the orc
  4289 | D:6      | Reached XP level 8. HP: 54/62 MP: 8/8
  4374 | D:6      | Noticed Eustachio
  4402 | D:5      | HP: 18/62 [ogre/giant club (27)]
  4847 | D:6      | Noticed Menkaure
  4855 | D:6      | Killed Menkaure
  4855 | D:6      | Reached skill level 10 in Long Blades
  4855 | D:6      | Reached skill level 4 in Armour
  5308 | D:6      | Reached skill level 5 in Armour
  5315 | D:6      | Killed Eustachio
  5594 | D:7      | Found a staircase to the Ecumenical Temple.
  5618 | D:7      | Identified a +2 pair of boots of running (You found it on level 7 of the Dungeon)
  5618 | D:7      | --woah!
  5643 | D:6      | Reached skill level 11 in Long Blades
  5647 | D:7      | Noticed Leszczynek's ghost (novice MiBe)
  5652 | D:6      | Reached XP level 9. HP: 68/68 MP: 9/9
  6425 | D:7      | Reached skill level 6 in Armour
  7294 | D:8      | Found a flagged portal.
  7318 | Bailey   | Entered a bailey
  7423 | Bailey   | Reached skill level 12 in Long Blades
  7809 | Bailey   | Reached skill level 7 in Armour
  7918 | Bailey   | Got a slimy shield
  7978 | Bailey   | HP: 13/68 [gnoll sergeant/glaive (12)]
  8020 | Bailey   | HP: 20/68 [gnoll shaman/halberd (2)]
  8930 | D:8      | Found a shadowy altar of Dithmenos.
  9013 | D:8      | Found Ireoz's Gadget Shoppe.
  9126 | D:8      | Reached XP level 10. HP: 68/74 MP: 10/10
  9212 | D:8      | Reached skill level 13 in Long Blades
  9226 | D:8      | Reached skill level 2 in Throwing
  9593 | D:9      | Reached skill level 8 in Armour
 10203 | D:8      | Reached skill level 3 in Throwing
 10353 | D:9      | Noticed galech's ghost (journeyman TrMo)
 10810 | D:9      | Found a sacrificial altar of Ru.
 10867 | D:9      | Found Jyzxa's Assorted Antiques.
 11422 | D:9      | Bought a scroll labeled JOPOUSO AG JEY for 34 gold pieces
 11469 | D:9      | Reached skill level 4 in Throwing
 11469 | D:9      | Reached skill level 9 in Armour
 12142 | D:10     | Entered Level 10 of the Dungeon
 12582 | D:10     | Reached XP level 11. HP: 80/80 MP: 11/11
 12631 | D:10     | Reached skill level 14 in Long Blades
 12631 | D:10     | Reached skill level 5 in Throwing
 12647 | D:10     | HP: 19/80 [something (8)]
 12660 | D:10     | Killed an unseen horror
 12740 | D:10     | Reached skill level 10 in Armour
 13260 | D:11     | Found a staircase to the Lair.
 13275 | D:11     | Noticed a manticore
 13287 | D:11     | Killed a manticore
 13287 | D:11     | Reached skill level 3 in Fighting
 13472 | D:11     | Noticed a two-headed ogre
 13480 | D:11     | HP: 17/82 [two-headed ogre/giant club (11)]
 13481 | D:11     | Killed a two-headed ogre
 13481 | D:11     | Reached skill level 6 in Throwing
 13807 | D:11     | Reached skill level 4 in Fighting
 14188 | D:11     | Killed an unseen horror
 14190 | D:11     | Found a staircase to the Orcish Mines.
 14246 | D:11     | Reached skill level 5 in Fighting
 14271 | D:11     | HP: 16/86 [ogre/giant club (17)]
 14279 | D:11     | HP: 21/86 [ogre/giant club (1)]
 14298 | D:11     | HP: 20/88 [gnoll sergeant/spear (5)]
 14643 | D:11     | You fall through a shaft for 3 floors!
 14676 | D:14     | Noticed a two-headed ogre
 14679 | D:14     | Killed a two-headed ogre
 14679 | D:14     | Reached skill level 7 in Throwing
 14679 | D:14     | Reached skill level 11 in Armour
 14851 | D:13     | Reached skill level 6 in Fighting
 14931 | D:13     | Reached XP level 12. HP: 87/96 MP: 12/12
 15248 | D:13     | Noticed a two-headed ogre
 15266 | D:13     | HP: 28/97 [two-headed ogre/giant spiked club (26)]
 15272 | D:13     | Killed a two-headed ogre
 15272 | D:13     | Reached skill level 7 in Fighting
 15275 | D:13     | HP: 17/100 [manticore (14)]
 15276 | D:13     | HP: 5/100 [manticore (12)]
 15276 | D:13     | Slain by a manticore

Vault maps used:
D:1:      tarquinn_simple_flora_water_d
D:2:      chequers_temple_overflow_minitemple, gammafunk_temple_overflow_pools,
          first_ration, uniq_jessica
D:3:      dk_yredelemnul_ordeal, uniq_robin
D:5:      grunt_gozag_statues, kennysheep_generic_room_10
D:6:      uniq_eustachio, uniq_menkaure, uniq_blork_the_orc
D:7:      minmay_temple_entry_crystal_x, grunt_ministairs_3
D:8:      nicolae_dithmenos_shadow_blocks, enter_bailey_3, serial_shops, shop
D:9:      serial_shops, shop, nicolae_ru_sacrificial_ziggurat
D:11:     lair_entry_dummy, kennysheep_orc_monster_closet_entryway,
          grunt_ogre_cave
D:13:     grunt_vaults_entry_tiered, lightli_fourway_metalbox, uniq_frances
D:14:     special_room, basic_altar, serial_bayou_lagoon_a
Bailey:   bailey_polearm_gnolls_kennysheep, bailey

Skill      XL: |  1  2  3  4  5  6  7  8  9 10 11 12 |
---------------+-------------------------------------+-----
Long Blades    | 4 5 6 7 8 9 11 12 13 14 | 14.0
Armour         | 1 3 5 7 9 11 | 11.6
Throwing       | 4 7 |  7.7
Fighting       | 6 7 |  7.1
Dodging        | |  2.4

Action                   |  1- 3 |  4- 6 |  7- 9 | 10-12 || total
-------------------------+-------+-------+-------+-------++-------
Melee: Long sword        |    55 |   155 |   441 |   618 ||  1269
 Fire: Hunting sling     |       |    63 |    79 |    51 ||   193
Throw: Tomahawk          |     2 |    10 |     5 |    19 ||    36
       Throwing net      |       |       |       |     1 ||     1
Evoke: Wand              |       |       |    21 |     6 ||    27
  Use: Scroll            |     4 |     7 |     5 |     5 ||    21
       Potion            |       |       |     1 |     2 ||     3
 Stab: Paralysed         |       |       |    16 |     2 ||    18
       Held in net/web   |       |       |       |     3 ||     3
  Eat: Chunk             |       |     8 |    20 |    11 ||    39
       Ration            |       |       |       |     3 ||     3
Armor: Leather armour    |    18 |     7 |       |       ||    25
       Ring mail         |       |    25 |       |       ||    25
       Scale mail        |       |     6 |       |       ||     6
       Chain mail        |       |       |    71 |       ||    71
       Plate armour      |       |       |   249 |   444 ||   693
Dodge: Dodged            |    41 |   118 |   193 |   192 ||   544
       Rpst.: Long sword |    12 |    33 |    35 |    45 ||   125

Table legend:
 A = Spawn XP
 B = Non-spawn XP
 C = Spawn XP percentage of total XP
 D = Spawn monster count
 E = Non-spawn monster count
 F = Spawn count percentage of total count
 G = Total turns spent on level
                    A         B        C        D         E        F      G
               +---------+---------+-------+---------+---------+-------+---------
         Total |       0 |   21301 |   0.0 |       0 |     319 |   0.0 | 15276
               +---------+---------+-------+---------+---------+-------+---------
           D:1 |       0 |      49 |   0.0 |       0 |      22 |   0.0 |   774
           D:2 |       0 |     224 |   0.0 |       0 |      20 |   0.0 |  1097
           D:3 |       0 |     128 |   0.0 |       0 |      40 |   0.0 |   953
           D:4 |       0 |     347 |   0.0 |       0 |      11 |   0.0 |   699
           D:5 |       0 |     410 |   0.0 |       0 |      13 |   0.0 |   996
           D:6 |       0 |    1226 |   0.0 |       0 |      26 |   0.0 |  1402
           D:7 |       0 |     705 |   0.0 |       0 |      20 |   0.0 |  1312
           D:8 |       0 |    1445 |   0.0 |       0 |      37 |   0.0 |  1683
           D:9 |       0 |    2374 |   0.0 |       0 |      31 |   0.0 |  1894
          D:10 |       0 |    3156 |   0.0 |       0 |      26 |   0.0 |   972
          D:11 |       0 |    5055 |   0.0 |       0 |      30 |   0.0 |  1529
          D:13 |       0 |    3909 |   0.0 |       0 |      11 |   0.0 |   471
          D:14 |       0 |    1082 |   0.0 |       0 |       2 |   0.0 |   162
        Bailey |       0 |    1191 |   0.0 |       0 |      30 |   0.0 |  1332
               +---------+---------+-------+---------+---------+-------+---------

Table legend:
 A = Turns spent in this place as a percentage of turns spent in the entire game.
 B = Non-inter-level travel turns spent in this place as a percentage of non-inter-level travel turns spent in the entire game.
 C = Inter-level travel turns spent in this place as a percentage of turns spent in this place.
 D = Turns resting spent in this place as a percentage of non-inter-level travel turns spent in this place.
 E = Turns spent auto-exploring this place as a percentage of non-inter-level travel turns spent in this place.
 F = Non-inter-level travel turns spent in this place divided by the number of levels of this place that you've seen.
                   A       B       C       D       E      F
               +-------+-------+-------+-------+-------+----------------------
         Total | 100.0 | 100.0 |   3.9 |  31.1 |  31.5 | 1049.1
       Dungeon |  91.3 |  90.9 |   4.2 |  29.6 |  33.6 | 1027.3
        Bailey |   8.7 |   9.1 |   0.0 |  46.9 |  10.8 | 1332.0
               +-------+-------+-------+-------+-------+----------------------

Vault maps used:
D:1:      tarquinn_simple_flora_water_d
D:2:      chequers_temple_overflow_minitemple, gammafunk_temple_overflow_pools,
          first_ration, uniq_jessica
D:3:      dk_yredelemnul_ordeal, uniq_robin
D:5:      grunt_gozag_statues, kennysheep_generic_room_10
D:6:      uniq_eustachio, uniq_menkaure, uniq_blork_the_orc
D:7:      minmay_temple_entry_crystal_x, grunt_ministairs_3
D:8:      nicolae_dithmenos_shadow_blocks, enter_bailey_3, serial_shops, shop
D:9:      serial_shops, shop, nicolae_ru_sacrificial_ziggurat
D:11:     lair_entry_dummy, kennysheep_orc_monster_closet_entryway,
          grunt_ogre_cave
D:13:     grunt_vaults_entry_tiered, lightli_fourway_metalbox, uniq_frances
D:14:     special_room, basic_altar, serial_bayou_lagoon_a
Bailey:   bailey_polearm_gnolls_kennysheep, bailey
